 Dungeon Crawl Stone Soup version 0.27.1-3-gb3d3a73c9e (webtiles) character file.

Game seed: 77022738928135331

26928 Atelerd the Geomancer (level 13, -5/77 HPs)
             Began as an Octopode Earth Elementalist on Oct 10, 2021.
             Was an Elder of Sif Muna.
             Shot with an arrow by a centaur warrior (22 damage)
             ... on level 2 of the Orcish Mines.
             The game lasted 00:42:46 (21640 turns).

Atelerd the Geomancer (OpEE)                       Turns: 21640, Time: 00:42:46

Health: -5/77      AC:  1    Str:  8    XL:     13   Next: 29%
Magic:  7/27       EV: 16    Int: 22    God:    Sif Muna [****..]
Gold:   2009       SH:  6    Dex: 18    Spells: 15/32 levels left

rFire    . . .     SeeInvis .   G - +9 quick blade
rCold    . . .     Faith    .   E - +0 buckler
rNeg     . . .     Spirit   .   (helmet restricted)
rPois    .         Reflect  .   K - amulet of the acrobat
rElec    .         Harm     .   N - +6 ring of dexterity
rCorr    .         Rampage  .   H - ring of fire
Will     .....                  P - ring of ice
Stlth    +++++.....             (no ring)
HPRegen  0.22/turn              (no ring)
MPRegen  0.20/turn              (no ring)
                                (no ring)
                                (no ring)

@: invisible
A: almost no armour, amphibious, 8 rings, camouflage 1, gelatinous body 1,
(nimble swimmer 1), tentacles
a: Renounce Religion, Channel Magic, Forget Spell, Divine Exegesis


You were on level 2 of the Orcish Mines.
You worshipped Sif Muna.
Sif Muna was greatly pleased with you.
You visited 4 branches of the dungeon, and saw 17 of its levels.

You collected 2515 gold pieces.
You spent 506 gold pieces at shops.

Inventory:

Hand Weapons
 a - a +2 dagger of protection
 o - a +2 dagger of electrocution
 u - the +6 dagger "Ebboaxoa" {freeze, Fly rN+ Str-3 Dex+2}
   (You found it on level 1 of the Lair of Beasts)

   It freezes those it strikes, dealing additional cold damage.
   It can also slow down cold-blooded creatures.
   Str:       It affects your strength (-3).
   Dex:       It affects your dexterity (+2).
   rN:        It protects you from negative energy.
   Fly:       It grants you flight.
 y - the +8 battleaxe "Muthoicu" {spect, *Rage Int+3 SInv}
   (You bought it in a shop on level 3 of the Dungeon)

   When its wielder attacks, the weapon's spirit leaps out and strikes again.
   The spirit shares a part of any damage it takes with its wielder.
   Int:       It affects your intelligence (+3).
   SInv:      It lets you see invisible.
   *Rage:     It may make you go berserk in combat.
 z - the +7 quarterstaff of the Everdark {vorpal, rN++ Int-5}
   (You bought it in a shop on level 3 of the Dungeon)

   It inflicts extra damage upon your enemies.
   Int:       It affects your intelligence (-5).
   rN:        It greatly protects you from negative energy.
 B - a +0 dagger of venom
 G - a +9 quick blade (weapon)
Missiles
 b - 231 stones
 O - a throwing net
Armour
 E - a +0 buckler (worn)
Jewellery
 q - an amulet of magic regeneration
 C - a ring of fire
 H - a ring of fire (right tentacle)
 K - an amulet of the acrobat (around mantle)
 M - an amulet of faith
 N - a +6 ring of dexterity (left tentacle)
 P - a ring of ice (on tentacle)
Wands
 i - a wand of polymorph (7)
 j - a wand of acid (9)
 r - a wand of digging (19)
 L - a wand of paralysis (2)
 R - a wand of flame (11)
Scrolls
 f - 9 scrolls of teleportation
 k - 4 scrolls of amnesia
 t - 2 scrolls of fog {unknown}
 w - 4 scrolls of enchant armour
 x - 3 scrolls of enchant weapon
 A - 3 scrolls of noise
 D - a scroll of fear {unknown}
 I - 2 scrolls of immolation
 Q - 2 scrolls of torment
Potions
 c - 2 potions of brilliance
 d - 13 potions of degeneration
 e - 2 potions of attraction {unknown}
 g - a potion of invisibility
 h - 4 potions of curing
 l - a potion of cancellation
 n - 2 potions of haste {unknown}
 p - 3 potions of heal wounds {unknown}
 s - 3 potions of mutation {unknown}
 v - 3 potions of lignification {unknown}
 F - a potion of ambrosia {unknown}
 J - a potion of magic {unknown}


   Skills:
 - Level 3.0 Fighting
 - Level 5.0 Short Blades
 + Level 5.9 Dodging
 - Level 8.0 Stealth
 + Level 7.0 Shields
 - Level 10.0 Spellcasting
 - Level 9.0 Transmutations
 - Level 2.0 Air Magic
 - Level 10.0 Earth Magic
 - Level 5.0 Poison Magic
 - Level 8.0 Invocations


You had 15 spell levels left.
You knew the following spells:

 Your Spells              Type           Power      Damage    Failure   Level
a - Sandblast             Erth           100%       2d20      1%          1
e - Olgreb's Toxic Radia  Pois           33%        N/A       8%          4
p - Petrify               Tmut/Erth      51%        N/A       1%          4
s - Swiftness             Air            19%        N/A       8%          3
x - Alistair's Intoxicat  Tmut/Pois      27%        N/A       10%         5

Your spell library contained the following spells:

 Spells                   Type           Power      Damage    Failure   Level
 Passwall                 Tmut/Erth      42%        N/A       1%          2
 Stone Arrow              Conj/Erth      66%        3d11      2%          3
 Apportation              Tloc           22%        N/A       6%          1
 Summon Small Mammal      Summ           44%        N/A       6%          1
 Call Canine Familiar     Summ           11%        N/A       19%         3
 Gell's Gravitas          Tloc           5%         N/A       19%         3
 Lesser Beckoning         Tloc           5%         N/A       19%         3
 Summon Guardian Golem    Hex/Summ       11%        N/A       19%         3
 Teleport Other           Tloc           11%        N/A       19%         3
 Invisibility             Hex            5%         N/A       100%        6
 Ozocubu's Refrigeration  Ice            8%         4d6       100%        7
 Borgnjor's Revivificati  Necr           5%         N/A       100%        8
 Ignition                 Fire           8%         3d5       100%        8
 Necromutation            Tmut/Necr      15%        N/A       100%        8
 Death's Door             Necr           5%         N/A       100%        9


Dungeon Overview and Level Annotations

Branches:
Dungeon (10/15)            Temple (1/1) D:5            Lair (4/6) D:8
 Shoals (0/4) Lair:3          Orc (2/2) D:10
  Snake: Lair:2-4    Spider: Lair:2-4       Elf: Orc:2

Altars:
Ashenzari
Cheibriados
Dithmenos
Elyvilon
Fedhas
Gozag
Hepliaklqana
Kikubaaqudgha
Makhleb
Okawaru
Qazlal
Ru
Sif Muna
Trog
Uskayaw
Vehumet
Wu Jian
Xom
Yredelemnul
Zin
The Shining One

Shops:
D:3 (   D:5 *   Orc:1 :


Innate Abilities, Weirdness & Mutations

You cannot wear most types of armour.
You are amphibious.
You can wear up to eight rings at the same time.
Your skin changes colour to match your surroundings (Stealth+).
Your rubbery body absorbs attacks. (AC +1, EV +1)
((You are camouflaged near water. (Stealth+)))
You have tentacles for arms and can constrict up to eight enemies at once.


Message History

An orc comes into view. It is wielding a +0 mace.
The orc unwields a +0 mace.
The orc wields a +0 arbalest.
The orc shoots a bolt.
The bolt misses you.
The orc shoots a bolt.
You block the bolt.
The orc unwields a +0 mace.
The orc wields a +0 arbalest.
The orc shoots a bolt.
The bolt completely misses you.
The orc shoots a bolt.
You block the bolt.
The orc shoots a bolt.
The bolt closely misses you.
The orc shoots a bolt.
The bolt completely misses you.
You hear a shout!
The orc shoots a bolt.
The bolt misses you.
The orc shoots a bolt.
The bolt completely misses you.
The orc shoots a bolt.
The bolt completely misses you.
The orc shoots a bolt.
The bolt completely misses you.
The orc shoots a bolt.
The bolt completely misses you.
Casting: Olgreb's Toxic Radiance (dangerous; 8% risk of failure)
Confirm with . or Enter, or press ? or * to list all spells.
You begin to radiate toxic energy.
The orc is poisoned.
The orc shoots a bolt.
You block the bolt.
Unknown command.
Your toxic aura wanes.
The orc shoots a bolt.
The bolt completely misses you.
The orc shoots a bolt.
The bolt completely misses you.
A centaur warrior comes into view.
The centaur warrior shouts!
The orc shoots a bolt.
The bolt misses you.
The centaur warrior wields a +0 shortbow.
The centaur warrior shoots an arrow.
The arrow closely misses you.
An orc comes into view. It is wielding a +0 flail.
The centaur warrior shoots an arrow.
The arrow hits you!
The centaur warrior shoots an arrow.
The arrow misses you.
You hear a shout!
The centaur warrior shoots an arrow.
The arrow hits you!!
Casting: Olgreb's Toxic Radiance (dangerous; 8% risk of failure)
Confirm with . or Enter, or press ? or * to list all spells.
Okay, then.
The centaur warrior shoots an arrow.
The arrow hits you!
* * * LOW HITPOINT WARNING * * *
You fade into invisibility!
The centaur warrior shoots an arrow.
The arrow hits you!!
You die...

##... ### ### ##.. #.# ###.# ##o
.## ###...## ###.. ..##
#......### ##.#.. ...####
#........## ##....o ......#
####.........## ##......
....######...<.........###..c....
.....#.##.......@......##....o...
)......#.<.............c.........
...............................##
...............##.#.............#
#.#............##.#............##
###...........######.........#.#
##.........## #........##### #
#..........# ##........ #
.<........## #..........


You could see a centaur warrior.

Vanquished Creatures
  An orc warlord (D:10)
  An ettin (Orc:2)
  Erolcha (Orc:2)
  4 hydras
  Erica (D:8)
  Pikel (D:8)
  An orc sorcerer (Orc:1)
  A cyclops (D:9)
  6 elephants (Lair:2)
  Maggie (D:9)
  6 cane toads
  2 unseen horrors
  2 rime drakes
  4 komodo dragons
  7 trolls
  A polar bear (Lair:1)
  A hornet (D:10)
  5 blink frogs (Lair:4)
  A snapping turtle (Lair:3)
  3 wyverns
  10 yaks
  A steam dragon (D:9)
  6 basilisks
  2 wargs (Orc:1)
  6 water moccasins
  A black bear (D:7)
  A hornet zombie (D:7)
  2 ice beasts
  A swamp drake (D:10)
  11 orc warriors
  3 wolves (Lair:1)
  2 necrophages
  5 ogres
  2 lemures (D:8)
  9 centaurs
  A kobold brigand (D:8)
  5 bullfrogs
  A scorpion (D:5)
  A wyvern zombie (D:8)
  3 wyvern skeletons
  13 killer bees
  3 wights (D:7)
  2 electric eels (D:9)
  3 howler monkeys (D:9)
  A lava snake (Lair:4)
  5 centaur zombies
  A hound (D:5)
  6 orc priests
  Jessica (D:3)
  5 iguanas
  18 orc wizards
  A killer bee zombie (D:8)
  A hound zombie (D:5)
  2 hound skeletons (D:5)
  Robin (D:3)
  8 gnolls
  7 adders
  A howler monkey skeleton (D:7)
  A river rat (D:5)
  2 shadow imps
  5 worms
  2 dart slugs
  55 orcs
  10 bats
  9 endoplasms
  6 giant cockroaches
  18 goblins
  14 hobgoblins
  8 jackals (D:2)
  2 quokkas (D:3)
  5 ball pythons
  2 frilled lizards (D:2)
  13 kobolds
  7 rats
361 creatures vanquished.

Vanquished Creatures (collateral kills)
  Fannar (Lair:1)
1 creature vanquished.

Vanquished Creatures (others)
  15 fungi
  8 plants
23 creatures vanquished.

Grand Total: 385 creatures vanquished

Notes
Turn   | Place    | Note
-------+----------+-------------------------------------------
     0 | D:1      | Atelerd the Octopode Earth Elementalist began the quest for
                  | the Orb.
     0 | D:1      | Reached XP level 1. HP: 11/11 MP: 3/3
   212 | D:1      | Reached XP level 2. HP: 9/17 MP: 1/5
  1100 | D:2      | Found a glowing golden altar of the Shining One.
  1128 | D:2      | Reached XP level 3. HP: 16/21 MP: 1/6
  1630 | D:2      | Reached XP level 4. HP: 27/27 MP: 5/7
  2441 | D:3      | Noticed Jessica
  2444 | D:3      | Reached XP level 5. HP: 31/31 MP: 9/9
  2454 | D:3      | Killed Jessica
  3449 | D:3      | Found a faded altar of an unknown god.
  3475 | D:3      | Noticed Robin
  3643 | D:3      | Noticed a necrophage
  3667 | D:3      | Killed a necrophage
  3668 | D:3      | Reached skill level 5 in Stealth
  3668 | D:3      | Reached XP level 6. HP: 22/36 MP: 1/11
  3673 | D:3      | Learned a level 4 spell: Petrify
  3826 | D:3      | Found Ontoll's Antique Weapon Emporium.
  3990 | D:3      | Killed Robin
  4856 | D:4      | Found a blossoming altar of Fedhas.
  5233 | D:4      | Noticed a water moccasin
  5241 | D:4      | Killed a water moccasin
  5242 | D:4      | Reached XP level 7. HP: 22/41 MP: 6/13
  5620 | D:5      | Entered Level 5 of the Dungeon
  5620 | D:5      | Found Ziruargh's General Store.
  5623 | D:5      | Bought a potion of degeneration for 14 gold pieces
  5627 | D:5      | Identified a scroll of acquirement
  5636 | D:5      | Acquired 901 gold pieces
  5712 | D:5      | Reached skill level 5 in Earth Magic
  6498 | D:5      | Reached XP level 8. HP: 46/46 MP: 13/15
  6800 | D:5      | Found a shimmering altar of Xom.
  6857 | D:5      | Reached skill level 5 in Transmutations
  6889 | D:5      | Reached skill level 5 in Spellcasting
  6937 | D:5      | Found a basalt altar of Yredelemnul.
  6942 | D:5      | Found a glowing silver altar of Zin.
  7293 | D:5      | Found a staircase to the Ecumenical Temple.
  7591 | Temple   | Entered the Ecumenical Temple
  7702 | Temple   | Became a worshipper of Sif Muna the Loreminder
  7821 | D:3      | Bought an iridescent battleaxe for 276 gold pieces
  7821 | D:3      | Identified the +8 battleaxe "Muthoicu" {spect, *Rage Int+3
                  | SInv} (You bought it in a shop on level 3 of the Dungeon)
  7821 | D:3      | Bought a fine quarterstaff for 216 gold pieces
  7821 | D:3      | Identified the +7 quarterstaff of the Everdark {vorpal,
                  | rN++ Int-5} (You bought it in a shop on level 3 of the
                  | Dungeon)
  8811 | D:6      | Reached XP level 9. HP: 24/51 MP: 13/18
  9044 | D:6      | Learned a level 4 spell: Olgreb's Toxic Radiance
  9284 | D:6      | Reached skill level 1 in Poison Magic
  9800 | D:7      | Reached skill level 1 in Shields
  9980 | D:7      | Noticed an unseen horror
  9984 | D:7      | Killed an unseen horror
  9984 | D:7      | Reached * piety under Sif Muna
 10730 | D:7      | Found a bloodstained altar of Trog.
 11220 | D:8      | Found a staircase to the Lair.
 11264 | D:8      | Noticed Erica
 11277 | D:8      | Killed Erica
 11278 | D:8      | Reached skill level 5 in Poison Magic
 11278 | D:8      | Reached XP level 10. HP: 56/56 MP: 8/20
 11361 | D:8      | Noticed Pikel
 11400 | D:8      | Killed Pikel
 12173 | D:9      | Noticed Maggie
 12204 | D:9      | Killed Maggie
 12205 | D:9      | Reached skill level 1 in Invocations
 12796 | D:9      | Noticed a cyclops
 12807 | D:9      | Killed a cyclops
 13071 | D:9      | Reached ** piety under Sif Muna
 13809 | D:9      | Found a sacrificial altar of Ru.
 13957 | D:10     | Entered Level 10 of the Dungeon
 14124 | D:10     | Reached XP level 11. HP: 53/61 MP: 11/22
 15210 | D:10     | Found a staircase to the Orcish Mines.
 15380 | Orc:1    | Entered Level 1 of the Orcish Mines
 15381 | Orc:1    | Found Ygessopt's Book Shoppe.
 15504 | Orc:1    | Noticed an orc sorcerer
 15505 | Orc:1    | Reached *** piety under Sif Muna
 15510 | Orc:1    | Noticed an orc warlord
 15808 | Orc:1    | Killed an orc sorcerer
 16055 | D:10     | Acquired a +8 quick blade
 16064 | D:10     | Learned a level 3 spell: Swiftness
 16188 | Lair:1   | Entered Level 1 of the Lair of Beasts
 16197 | Lair:1   | Noticed Fannar
 16210 | Lair:1   | Killed Fannar
 16441 | Lair:1   | Reached skill level 5 in Invocations
 16574 | Lair:1   | Reached skill level 1 in Fighting
 16592 | Lair:1   | Reached skill level 1 in Short Blades
 16620 | Lair:1   | Reached skill level 10 in Earth Magic
 16848 | Lair:1   | Identified the +6 dagger "Ebboaxoa" {freeze, Fly rN+ Str-3
                  | Dex+2}
 16945 | Lair:1   | Reached XP level 12. HP: 69/69 MP: 24/24
 18249 | Lair:2   | Reached skill level 5 in Shields
 18301 | Lair:2   | Noticed an eight-headed hydra
 18311 | Lair:2   | Killed an eight-headed hydra
 19006 | Lair:2   | Reached **** piety under Sif Muna
 19335 | Lair:3   | Noticed a five-headed hydra
 19350 | Lair:3   | Killed a five-headed hydra
 19734 | Lair:3   | Noticed a four-headed hydra
 19745 | Lair:3   | Killed a four-headed hydra
 19746 | Lair:3   | Reached skill level 1 in Air Magic
 19881 | Lair:3   | Noticed a four-headed hydra
 19893 | Lair:3   | Killed a four-headed hydra
 20049 | Lair:3   | Found a staircase to the Shoals.
 20282 | Lair:4   | Reached skill level 10 in Spellcasting
 20284 | Lair:4   | Reached XP level 13. HP: 29/77 MP: 7/27
 20533 | D:10     | Killed an orc warlord
 20534 | D:10     | Reached skill level 5 in Dodging
 21071 | Orc:2    | Entered Level 2 of the Orcish Mines
 21372 | Orc:2    | Noticed Erolcha
 21383 | Orc:2    | Killed Erolcha
 21523 | Orc:2    | Noticed an ettin
 21537 | Orc:2    | Reached skill level 5 in Short Blades
 21543 | Orc:2    | Learned a level 5 spell: Alistair's Intoxication
 21586 | Orc:2    | Killed an ettin
 21640 | Orc:2    | Shot with an arrow by a centaur warrior

Illustrated notes

Levels and vault maps discovered:
D:1:      moated_graveyard_arrival, layout_loops_ring
D:2:      layout_loops_ring, basic_altar, minmay_divided_ellipse
D:3:      layout_basic, serial_shops, nicolae_shop_stone,
          hellmonk_ecumenical_altar_slurped_away, uniq_robin, uniq_jessica
D:4:      layout_gridville, fedhas_altar_1
D:5:      layout_loops_cross, jmf_multi_god_temple, lemuel_tele_altar,
          temple_green, portal_sewer_entry_b, nicolae_stop_n_shop_1
D:6:      layout_cave_pods, minivault_27, hangedman_glass_teeth
D:7:      layout_loops_cross, trog_hazing_becter
D:8:      layout_cave_pools, lair_entry_dummy, eino_jars, uniq_pikel, uniq_erica
D:9:      minmay_distorted_concentric_squares, layout_stronghold,
          nicolae_ru_path_of_blood, serial_bayou_ford_a, uniq_maggie
D:10:     layout_stronghold, erik_orc_1
Temple:   eino_temple_scatter_basement
Lair:1:   layout_regular_city, infiniplex_staircase_pool, uniq_fannar
Lair:2:   layout_misc_corridors
Lair:3:   layout_long_grid, minmay_shoals_entry_hut, st_stairs_3,
          chequers_serial_rivers_micro_d, grunt_megastairs_3, lemuel_fruit_tree,
          lemuel_fruit_fields
Lair:4:   layout_gridlike, minmay_snake_entry_six_corridors, minivault_27,
          serial_bayou_shore_b
Orc:1:    layout_caves, serial_shops, shop
Orc:2:    st_orc_rangers, layout_diamond_mine, roderic_batcave, uniq_saint_roka,
          uniq_erolcha, uniq_sonja

Skill      XL: |  1  2  3  4  5  6  7  8  9 10 11 12 13 |
---------------+----------------------------------------+-----
Stealth        | 3 4 5 7 8 |  8.0
Transmutations | 2 3 4 6 7 8 9 |  9.0
Spellcasting   | 3 4 6 7 8 10 | 10.0
Earth Magic    | 4 5 6 8 9 10 | 10.0
Poison Magic   | 5 |  5.0
Shields        | 4 5 7 |  7.0
Invocations    | 3 5 8 |  8.0
Fighting       | 1 3 |  3.0
Short Blades   | 1 3 5 |  5.0
Dodging        | 4 5 |  5.9
Air Magic      | 2 |  2.0

Action                   |  1- 3 |  4- 6 |  7- 9 | 10-12 | 13-15 || total
-------------------------+-------+-------+-------+-------+-------++-------
Melee: Dagger            |    37 |    46 |    92 |    69 |       ||   244
       Constrict         |    10 |    15 |    17 |    26 |     3 ||    71
       Tentacles         |     2 |     5 |    15 |    51 |     2 ||    75
       Quick blade       |       |       |       |   114 |    21 ||   135
 Cast: Sandblast         |    30 |   105 |   122 |    95 |     2 ||   354
       Petrify           |       |       |    15 |    99 |    14 ||   128
       Olgreb's Toxic Ra |       |       |     3 |    83 |    24 ||   110
Invok: Channel Magic     |       |       |       |     2 |     2 ||     4
  Use: Potion            |       |     1 |       |     4 |     1 ||     6
       Scroll            |       |       |     8 |    10 |     1 ||    19
 Stab: Sleeping          |     1 |     5 |     7 |     5 |     1 ||    19
       Petrified         |       |       |    34 |   127 |    16 ||   177
       Petrifying        |       |       |     2 |    10 |       ||    12
Armor: Skin              |    10 |     9 |    11 |     2 |       ||    32
Dodge: Dodged            |    29 |    70 |    79 |    72 |    28 ||   278
Block: Buckler           |       |       |       |    34 |    14 ||    48
